 Dungeon Crawl Stone Soup version 0.16.1-14-g82efdee (webtiles) character file.

1601 KarvaRausku the Cleaver (level 9, -3/61 HPs)
             Began as a Human Wanderer on Apr 14, 2015.
             Killed from afar by an orc wizard (5 damage)
             ... with a magic dart
             ... on level 7 of the Dungeon.
             The game lasted 00:16:38 (7282 turns).

KarvaRausku the Cleaver (Human Wanderer)            Turns: 7282, Time: 00:16:38

Health: -3/61      AC:  9    Str: 17    XL:     9   Next: 16%
Magic:  11/11      EV:  7    Int: 12    God:
Gold:   314        SH:  0    Dex: 12    Spells: 0 memorised, 10 levels left

rFire  . . .     SeeInvis .     z - +0 whip (venom)
rCold  . . .     Clarity  .     j - +0 chain mail
rNeg   . . .     SustAb   .     (no shield)
rPois  .         Gourm    .     R - +1 hat
rElec  .         Spirit   .     (no cloak)
rCorr  .         Warding  .     (no gloves)
rMut   .         Stasis   .     (no boots)
MR     +....                    (no amulet)
Stlth  ..........               t - ring of protection from magic
                                P - ring of wizardry

@: somewhat resistant to hostile enchantments, extremely unstealthy
A: no striking features
a: no special abilities


You were on level 7 of the Dungeon.
You were not hungry.

You visited 2 branches of the dungeon, and saw 8 of its levels.

You collected 314 gold pieces.

Inventory:

Hand weapons
 a - a +2 hand crossbow
 o - a +0 club
 p - a +0 whip
 z - a +0 whip of venom (weapon)
 A - a +0 hand axe
 E - a cursed -3 hand axe
 L - a +0 war axe
Missiles
 e - 38 bolts
 u - 3 javelins of returning (quivered)
Armour
 d - a +0 robe
 j - a +0 chain mail (worn)
 B - a +0 ring mail of cold resistance
 K - a +0 helmet
 N - a +0 chain mail
 R - a +1 hat (worn)
Jewellery
 m - an uncursed ring of loudness
 t - a ring of protection from magic (right hand)
 y - an uncursed ring of flight
 P - a ring of wizardry (left hand)
 U - an uncursed amulet of resist mutation {unknown}
Magical devices
 H - a wand of confusion (6)
Scrolls
 h - 3 scrolls of teleportation
 i - a scroll of noise {unknown}
 k - 7 scrolls of identify
 n - a scroll of enchant armour {unknown}
 r - a scroll of immolation
 v - a scroll of random uselessness {unknown}
 w - a scroll of blinking {unknown}
 C - 2 scrolls of remove curse
 J - a scroll of fog
 T - a scroll of silence {unknown}
Potions
 l - 2 potions of restore abilities {unknown}
 q - a potion of curing
 s - a potion of resistance {unknown}
 F - a potion of brilliance {unknown}
 G - a potion of lignification {unknown}
 I - a potion of cancellation {unknown}
 O - a potion of flight {unknown}
 Q - a potion of might {unknown}
Books
 b - the Disquisition on the Glacier

   Spells                             Type                      Level
   a - Freeze                         Ice                          1
   b - Ensorcelled Hibernation        Hexes/Ice                    2
 c - the Grimoire of Orientation

   Spells                             Type                      Level
   a - Apportation                    Translocation                1
   b - Portal Projectile              Translocation                3
 V - a book of Changes

   Spells                             Type                      Level
   a - Beastly Appendage              Transmutation                1
   b - Sticks to Snakes               Transmutation                2
   c - Spider Form                    Transmutation/Poison         3
   d - Ice Form                       Ice/Transmutation            4
   e - Blade Hands                    Transmutation                5
Comestibles
 f - 4 bread rations
 g - 2 fruits
 x - a slice of pizza
 D - 2 meat rations
 M - a royal jelly
 S - 2 chunks of flesh


   Skills:
 - Level 2.0 Fighting
 + Level 9.6(10.0) Axes
 - Level 4.3(7.5) Maces & Flails
 - Level 1.0 Crossbows
 - Level 2.0 Dodging
 - Level 1.0 Stealth
   Level 1.0 Shields
 - Level 1.0 Spellcasting
   Level 4.0 Conjurations


You had 10 spell levels left.
You didn't know any spells.

Dungeon Overview and Level Annotations

Branches:
Dungeon (7/15)             Temple (1/1) D:4

Altars:
Cheibriados
Dithmenos
Elyvilon
Fedhas
Gozag
Kikubaaqudgha
Makhleb
Nemelex Xobeh
Qazlal
Vehumet
Xom
Yredelemnul
Zin
The Shining One

Annotations:
D:5 trantor's ghost, experienced DEFE


Message History

No target in view!
No target in view!
No target in view!
You barely miss something. Something hits you but does no damage.
You miss something. Something hits you but does no damage.
Something hits you but does no damage.
You see here an arrow.
You hear some strange, mumbled words.
The puff of flame hits you!
* * * LOW HITPOINT WARNING * * *
You hear some strange, mumbled words.
The puff of flame hits you!
* * * LOW HITPOINT WARNING * * *
Something hits you but does no damage.
You hear a distant blaring wail to the west.
You hear some strange, mumbled words.
The puff of frost hits you!
* * * LOW HITPOINT WARNING * * *
The magic dart hits you!
You die...

#.......##.## #.. #
#.##.#......# #.#
#.###.##.#.# #..######.#
#.#......#.###.........#
>.............#########
###.#.#.#..##### #
#..........#
.##.##.....#)##÷#
#...........#@##.##
##.##..(..#.....#
..####.##.#.#.####..#
.......))†..#.####..#
..#####.....#.......#
#.....#######.# #.....#
.# #.....# .# ####### .#


There were no monsters in sight!

Vanquished Creatures
  A black bear (D:6)
  2 ogres
  2 sky beasts
  A phantom (D:6)
  3 centaurs
  A giant frog (D:6)
  2 scorpions
  A goliath beetle (D:6)
  3 orc priests
  2 hounds (D:4)
  4 orc wizards
  A killer bee zombie (D:6)
  A hound skeleton (D:6)
  12 adders
  3 gnolls (D:5)
  A shadow imp (D:4)
  2 worms
  2 giant mites
  An adder skeleton (D:6)
  2 giant geckos
  2 oozes
  36 orcs
  A ball python (D:3)
  8 bats
  A bat zombie (D:4)
  5 giant cockroaches
  8 hobgoblins
  10 jackals
  9 giant newts
  8 goblins
  11 kobolds
  7 quokkas
  A quokka skeleton (D:4)
  10 rats
164 creatures vanquished.

Vanquished Creatures (others)
  A hobgoblin (D:4)
1 creature vanquished.

Grand Total: 165 creatures vanquished

Notes
Turn   | Place    | Note
--------------------------------------------------------------
     0 | D:1      | KarvaRausku, the Human Wanderer, began the quest for the Orb.
     0 | D:1      | KarvaRausku set off with: a +2 hand crossbow, the Disquisition on the Glacier, the Grimoire of Orientation, a +0 robe, 24 bolts, a bread ration
     0 | D:1      | Reached XP level 1. HP: 16/16 MP: 2/2
     0 | D:1      | Identified the Disquisition on the Glacier
     0 | D:1      | Identified the Grimoire of Orientation
   101 | D:1      | Reached skill level 1 in Dodging
   189 | D:1      | Reached XP level 2. HP: 22/22 MP: 3/3
   508 | D:1      | Reached skill level 1 in Maces & Flails
   508 | D:1      | Reached XP level 3. HP: 20/27 MP: 4/4
  1222 | D:2      | Reached XP level 4. HP: 18/33 MP: 5/5
  1832 | D:3      | Reached XP level 5. HP: 29/38 MP: 7/7
  2403 | D:3      | Reached skill level 1 in Axes
  2463 | D:3      | Reached XP level 6. HP: 39/44 MP: 8/8
  2620 | D:3      | Found a white marble altar of Elyvilon.
  3443 | D:4      | Found a shadowy altar of Dithmenos.
  3736 | D:4      | Reached XP level 7. HP: 43/50 MP: 9/9
  3902 | D:4      | Found a staircase to the Ecumenical Temple.
  3983 | Temple   | Entered the Ecumenical Temple
  4200 | D:5      | Entered Level 5 of the Dungeon
  4486 | D:5      | Reached skill level 5 in Axes
  4699 | D:5      | Reached skill level 6 in Axes
  4734 | D:5      | Reached XP level 8. HP: 33/56 MP: 10/10
  4745 | D:5      | Noticed trantor's ghost (experienced DEFE)
  5531 | D:5      | Reached skill level 7 in Axes
  6359 | D:6      | Reached skill level 8 in Axes
  6793 | D:6      | Found a basalt altar of Yredelemnul.
  7071 | D:6      | Reached skill level 9 in Axes
  7071 | D:6      | Reached XP level 9. HP: 34/61 MP: 11/11
  7280 | D:7      | HP: 2/61 [something/puff of frost (12)]
  7282 | D:7      | Killed from afar by an orc wizard

Action                   |  1- 3 |  4- 6 |  7- 9 || total
-------------------------+-------+-------+-------++-------
Melee: Whip              |   127 |   338 |   394 ||   859
       Club              |    12 |       |       ||    12
 Fire: Hand crossbow     |    34 |       |       ||    34
Throw: Javelin           |       |       |     9 ||     9
Evoke: Wand              |       |       |     2 ||     2
  Use: Scroll            |       |     1 |     4 ||     5
       Potion            |       |     1 |       ||     1
 Stab: Confused          |       |       |     1 ||     1
  Eat: Chunk             |     1 |     8 |     9 ||    18
       Royal jelly       |       |       |     1 ||     1
       Beef jerky        |       |       |     1 ||     1
